 Dungeon Crawl Stone Soup version 0.22-a0-430-g6609fc6 (webtiles) character file.

1629 inmateoo the Fighter (level 8, -5/111 (112) HPs)
             Began as a Minotaur Air Elementalist on May 26, 2018.
             Was a Priest of Trog.
             Slain by a troll (7 damage)
             ... on level 7 of the Dungeon.
             The game lasted 00:08:41 (8142 turns).

inmateoo the Fighter (Minotaur Air Elementalist)    Turns: 8142, Time: 00:08:41

HP:   -5/111 (112)  AC: 11    Str: 20    XL:     8   Next: 65%
MP:   9/9           EV:  9    Int: 12    God:    Trog [***...]
Gold: 120           SH:  3    Dex: 11    Spells: 8/9 levels left

rFire    . . .     SeeInvis +   o - +1 war axe
rCold    + . .     Gourm    .   r - +0 buckler {rPois}
rNeg     . . .     Faith    .   h - +0 scale mail
rPois    +         Spirit   .   (helmet restricted)
rElec    .         Reflect  .   u - +0 cloak
rCorr    .         Harm     .   v - +2 pair of gloves
MR       .....                  (no boots)
Stlth    ..........             (no amulet)
HPRegen  0.28/turn              i - ring of see invisible
MPRegen  0.11/turn              f - ring of protection from cold

@: berserking, very quick
A: retaliatory headbutt, horns 2
a: Berserk, Trog's Hand, Renounce Religion


You were on level 7 of the Dungeon.
You worshipped Trog.
Trog was most pleased with you.
You were very hungry.

You visited 1 branch of the dungeon, and saw 7 of its levels.

You collected 474 gold pieces.
You spent 354 gold pieces at shops.

Inventory:

Hand Weapons
 o - a +1 war axe (weapon)
Armour
 h - a +0 scale mail (worn)
 r - a +0 buckler of poison resistance (worn)
 u - a +0 cloak (worn)
 v - a +2 pair of gloves (worn)
Jewellery
 f - a ring of protection from cold (right hand)
 i - a ring of see invisible (left hand)
 p - an uncursed amulet of harm {unknown}
Wands
 e - a wand of paralysis (14)
 t - a wand of digging (6)
Scrolls
 b - 6 scrolls of teleportation
 m - 2 scrolls of fog
 n - a scroll of enchant weapon
Potions
 a - 2 potions of curing
 d - a potion of lignification {unknown}
 g - 2 potions of heal wounds
 j - a potion of cancellation
 k - 2 potions of haste
 l - a potion of agility
 q - a potion of brilliance
 s - 2 potions of mutation
Comestibles
 c - 8 rations


   Skills:
 + Level 8.7 Fighting
 * Level 7.9 Axes
 + Level 5.4 Armour
 - Level 2.1 Dodging
 - Level 1.5 Stealth
 - Level 1.3 Spellcasting
 - Level 0.6 Conjurations
 - Level 2.1 Air Magic


You had 8 spell levels left.
You knew the following spells:

 Your Spells              Type           Power        Failure   Level  Hunger
a - Shock                 Conj/Air       #...         58%         1    ##.....

Your spell library contained the following spells:

 Spells                   Type           Power        Failure   Level  Hunger
 Lightning Bolt           Conj/Air       #.........   100%        5    ######.
 Swiftness                Chrm/Air       #.......     77%         2    ###....
 Airstrike                Air            #.........   99%         4    #####..
 Static Discharge         Conj/Air       #.......     92%         3    ####...


Dungeon Overview and Level Annotations

Branches:
Dungeon (7/15)
 Temple: D:4-7

Altars:
Elyvilon
Gozag
Hepliaklqana
Sif Muna
Trog
Vehumet
Xom
The Shining One

Shops:
D:4 :   D:6 [*

Annotations:
D:3 p0werm0de's ghost, weakling DDFi


Innate Abilities, Weirdness & Mutations

You reflexively headbutt those who attack you in melee.
You have a pair of horns on your head.


Message History

* * * LOW HITPOINT WARNING * * *
You closely miss the troll.
The troll is severely wounded.
The troll barely misses you. You furiously retaliate!
You headbutt the troll. The troll claws you.
* * * LOW HITPOINT WARNING * * *
The troll claws you.
* * * LOW HITPOINT WARNING * * *
A red film seems to cover your vision as you go berserk!
You feel yourself moving faster!
You feel mighty!
You are feeling very hungry.
You block the troll's attack. The troll claws you but does no damage.
The troll barely misses you.
Unknown command.
You barely miss the troll.
The troll is severely wounded.
The troll barely misses you. The troll claws you!
* * * LOW HITPOINT WARNING * * *
The troll claws you!
You die...

#.....#..<..≈≈.##
#....†#..........
#....†[.###.....#
#....†### ####..
#.....# . #.....#
#.!...# #..####
#.@# #.T....#
#...###... #...#
..... .......
#.?...? #.......


You could see a troll.

Vanquished Creatures
  2 black bears
  A necrophage (D:6)
  3 bullfrogs (D:6)
  A scorpion (D:7)
  2 jellies
  4 killer bees (D:7)
  A crimson imp (D:6)
  A howler monkey (D:5)
  A bullfrog zombie (D:5)
  2 hounds (D:4)
  2 orc priests
  A bullfrog skeleton (D:4)
  3 iguanas
  5 orc wizards
  5 worker ants
  A hound skeleton (D:5)
  A worker ant zombie (D:5)
  Robin (D:2)
  11 adders
  A shadow imp (D:5)
  2 oozes
  A worm (D:3)
  2 dart slugs
  5 leopard geckos
  24 orcs
  A giant cockroach (D:3)
  16 goblins
  8 hobgoblins
  10 jackals
  2 quokkas
  4 bats
  4 frilled lizards
  7 kobolds
  A leopard gecko skeleton (D:6)
  7 rats
143 creatures vanquished.

Notes
Turn   | Place    | Note
-------+----------+-------------------------------------------
     0 | D:1      | inmateoo the Minotaur Air Elementalist began the quest for the Orb.
     0 | D:1      | Reached XP level 1. HP: 14/14 MP: 1/1
   346 | D:1      | Reached skill level 1 in Fighting
   757 | D:1      | Reached skill level 2 in Fighting
   757 | D:1      | Reached XP level 2. HP: 16/24 MP: 3/3
  1296 | D:2      | Found a shimmering altar of Xom.
  1354 | D:2      | Reached skill level 3 in Fighting
  1386 | D:2      | Reached XP level 3. HP: 31/31 MP: 4/4
  1475 | D:2      | Found a bloodstained altar of Trog.
  1507 | D:2      | Reached skill level 4 in Fighting
  1507 | D:2      | Reached XP level 4. HP: 28/41 MP: 5/5
  1746 | D:2      | Became a worshipper of Trog the Wrathful
  1783 | D:2      | Reached skill level 5 in Fighting
  2119 | D:2      | Found a white marble altar of Elyvilon.
  2448 | D:2      | Noticed Robin
  2499 | D:2      | Killed Robin
  2499 | D:2      | Reached XP level 5. HP: 19/50 MP: 6/6
  2990 | D:3      | Reached * piety under Trog
  3116 | D:3      | Reached skill level 6 in Fighting
  3320 | D:3      | Noticed p0werm0de's ghost (weakling DDFi)
  4335 | D:3      | Reached skill level 1 in Axes
  4363 | D:3      | Found a radiant altar of Vehumet.
  4608 | D:4      | Reached skill level 1 in Armour
  4608 | D:4      | Reached XP level 6. HP: 45/58 MP: 7/7
  5026 | D:4      | Found Muurcheyxt's Book Shoppe.
  5263 | D:4      | Found a hazy altar of Hepliaklqana.
  5284 | D:4      | Reached ** piety under Trog
  5287 | D:4      | Reached skill level 7 in Fighting
  5423 | D:5      | Entered Level 5 of the Dungeon
  5460 | D:5      | Reached XP level 7. HP: 43/66 MP: 8/8
  6195 | D:5      | Reached skill level 5 in Axes
  6614 | D:5      | Found a deep blue altar of Sif Muna.
  7501 | D:6      | Found Gozag's Platinum Reserve.
  7501 | D:6      | Found an opulent altar of Gozag.
  7512 | D:6      | Reached XP level 8. HP: 73/73 MP: 9/9
  7698 | D:6      | Reached skill level 8 in Fighting
  7805 | D:6      | Found a glowing golden altar of the Shining One.
  7995 | D:6      | Found Dagudeh's Armour Shoppe.
  7998 | D:6      | Bought a +0 buckler of poison resistance for 102 gold pieces
  7998 | D:6      | Bought a +0 cloak for 54 gold pieces
  7998 | D:6      | Bought a +2 pair of gloves for 198 gold pieces
  8062 | D:7      | Reached skill level 5 in Armour
  8067 | D:7      | Reached *** piety under Trog
  8132 | D:7      | Noticed a troll
  8142 | D:7      | HP: 2/111 [troll (9)]
  8142 | D:7      | Slain by a troll

Vault maps used:
D:1:      dpeg_arrival_chambers_temple_mockup, kennysheep_boxes
D:2:      marbit_many_paths, old_standard_altar, minmay_tree_intersection,
          tgw_xom, uniq_robin
D:3:      lemuel_doored_altar, first_ration, mrwooster_statue_mirror
D:4:      kennysheep_mini, serial_shops, shop
D:5:      led_sif_pool
D:6:      nicolae_gozag_zags_fifth_avenue, nicolae_tso_swordbearing_angel,
          serial_shops, nicolae_shop_behind_doors
D:7:      okawaru_metal_pillars_1_2, zin_scriptorium,
          minmay_temple_entry_enclosed_plants, grunt_ogre_cave,
          corexii_leaking_fountain, sigmund_edmund_badplayer

Skill      XL: |  1  2  3  4  5  6  7  8 |
---------------+-------------------------+-----
Fighting       | 2 3 4 5 6 7 8 |  8.7
Axes           | 1 3 6 7 |  7.9
Armour         | 1 2 4 5 |  5.4
Dodging        | |  2.1
Stealth        | |  1.5
Spellcasting   | |  1.3
Conjurations   | |  0.6
Air Magic      | |  2.1

Action                   |  1- 3 |  4- 6 |  7- 9 || total
-------------------------+-------+-------+-------++-------
Melee: Unarmed           |    87 |   220 |       ||   307
       Headbutt          |     8 |    57 |    11 ||    76
       Hand axe          |       |    40 |       ||    40
       War axe           |       |    51 |   118 ||   169
Invok: Berserk           |       |     3 |     4 ||     7
  Use: Scroll            |     5 |     4 |     7 ||    16
       Potion            |     2 |       |       ||     2
  Eat: Chunk             |     2 |    10 |     6 ||    18
       Ration            |       |     1 |     2 ||     3
Armor: Leather armour    |     7 |       |       ||     7
       Scale mail        |    30 |   146 |    66 ||   242
       Robe              |     1 |       |       ||     1
Dodge: Dodged            |    58 |   149 |    72 ||   279
Block: Buckler           |       |       |     7 ||     7

Table legend:
 A = Spawn XP
 B = Non-spawn XP
 C = Spawn XP percentage of total XP
 D = Spawn monster count
 E = Non-spawn monster count
 F = Spawn count percentage of total count
 G = Total turns spent on level
                    A         B        C        D         E        F      G
               +---------+---------+-------+---------+---------+-------+---------
         Total |       0 |    2328 |   0.0 |       0 |     143 |   0.0 |  8142
               +---------+---------+-------+---------+---------+-------+---------
           D:1 |       0 |      18 |   0.0 |       0 |      10 |   0.0 |  1023
           D:2 |       0 |     211 |   0.0 |       0 |      45 |   0.0 |  2403
           D:3 |       0 |     113 |   0.0 |       0 |      17 |   0.0 |  1178
           D:4 |       0 |     308 |   0.0 |       0 |      28 |   0.0 |  1807
           D:5 |       0 |     511 |   0.0 |       0 |      22 |   0.0 |  1090
           D:6 |       0 |     682 |   0.0 |       0 |      14 |   0.0 |   549
           D:7 |       0 |     485 |   0.0 |       0 |       7 |   0.0 |    92
               +---------+---------+-------+---------+---------+-------+---------
